Map: Dragon Scales LE

Players

NucleusRuber

  • Race: Zerg Zerg
  • League: Diamond
  • Spawn Location: 11:00

TheMindsEye - Winner!

  • Race: Terran Terran
  • League: Diamond
  • Spawn Location: 5:00

VOD

https://youtu.be/mYt2Y6-sTiM

Description

Time

  • Played on: July 24, 2023, 11:01 a.m.
  • Length: 23:11
Show
View Real Time Build Order
Export as new Build Order

NucleusRuber Zerg 

Build Orders: Hatch First, Lurkers 

Get SALT Encoding   

  12  0:03  Drone  
  13  0:13  Overlord  
  13  0:18  Drone  
  14  0:31  Drone x2  
  16  0:49  Hatchery  
  15  0:52  Drone  
  15  0:55  Drone  
  17  0:58  Drone  
  18  1:09  Extractor  
  17  1:14  Spawning Pool  
  16  1:25  Drone  
  17  1:26  Drone  
  18  2:01  Queen x2  
  18  2:07  Zergling x2  
  23  2:11  Zergling x2  
  24  2:25  Zergling x2  
  24  2:26  Zergling x4  
  27  2:48  Queen  
  28  3:02  Overlord  
  28  3:03  Overlord  
  28  3:18  Queen, Metabolic Boost  
  28  3:34  Queen  
  28  3:36  Drone x5  
  35  3:49  Drone  
  35  3:50  Drone  
  35  3:54  Drone  
  35  3:55  Drone x2  
  38  4:06  Queen  
  37  4:19  Zergling x10  
  38  4:51  Drone x6  
  42  4:54  Baneling Nest  
  41  5:06  Drone  
  43  5:07  Drone x2  
  43  5:09  Overlord x3  
  44  5:25  Overlord x2  
  44  5:38  Zergling x12  
  44  5:42  Baneling x10  
  50  5:45  Drone  
  50  5:46  Extractor  
  50  5:58  Zergling x14  
  54  6:16  Zergling x8  
  54  6:35  Zergling x14  
  47  7:02  Evolution Chamber  
  47  7:07  Drone  
  47  7:08  Drone x7  
  51  7:26  Drone x4  
  51  7:28  Hatchery  
  54  7:36  Lair, Roach Warren  
  53  7:39  Zerg Missile Weapons Level 1  
  53  7:42  Drone x2, Extractor  
  53  7:43  Drone x3, Extractor  
  53  7:44  Drone  
  57  7:45  Drone x2  
  59  8:08  Drone x4  
  59  8:09  Drone  
  64  8:14  Spore Crawler  
  64  8:15  Spore Crawler  
  64  8:17  Spore Crawler x2  
  64  8:19  Drone x2  
  62  8:20  Drone x2  
  66  8:27  Roach x2  
  68  8:36  Overlord x3  
  68  8:38  Glial Reconstitution, Overlord  
  68  8:39  Queen  
  70  8:53  Queen  
  70  8:54  Drone  
  70  8:55  Drone x7  
  80  9:11  Hatchery  
  79  9:17  Overlord  
  79  9:19  Drone, Extractor  
  79  9:20  Drone, Extractor  
  79  9:22  Drone x2  
  79  9:23  Drone  
  79  9:24  Drone x3, Hydralisk Den  
  84  9:25  Drone x2  
  86  9:40  Drone, Evolution Chamber  
  86  9:41  Drone x2  
  86  9:42  Evolution Chamber  
  86  9:43  Spore Crawler  
  86  9:51  Infestation Pit  
  85  10:10  Zerg Missile Weapons Level 2  
  85  10:13  Muscular Augments  
  85  10:15  Lurker Den  
  84  10:24  Hydralisk x11  
  84  10:25  Hydralisk x3  
  112  10:42  Hive  
  112  10:44  Queen  
  112  10:47  Zerg Ground Armor Level 1  
  112  10:48  Zerg Melee Weapons Level 1  
  114  11:01  Overlord x4  
  114  11:02  Overlord x3  
  114  11:07  Zergling x8  
  118  11:17  Lurker  
  118  11:18  Lurker  
  120  11:19  Overlord  
  120  11:21  Lurker x3  
  120  11:22  Lurker x2  
  125  11:37  Zergling x4  
  125  11:38  Zergling x10  
  128  11:47  Lurker x4  
  128  11:50  Lurker  
  128  11:52  Drone  
  134  11:59  Drone x12, Extractor  
  134  12:00  Drone x5  
  134  12:01  Extractor  
  149  12:15  Hatchery  
  130  12:32  Zerg Missile Weapons Level 3  
  130  12:35  Seismic Spines  
  130  12:39  Zergling x32  
  132  13:01  Hydralisk  
  132  13:02  Hydralisk x11  
  143  13:17  Drone x3  
  143  13:18  Drone x2  
  148  13:27  Queen  
  148  13:32  Adaptive Talons  
  150  13:43  Lurker  
  150  13:44  Lurker x2  
  150  13:45  Lurker x2  
  150  13:46  Lurker  
  150  13:48  Lurker  
  157  13:49  Lurker  
  157  13:54  Lurker  
  159  14:03  Lurker x2  
  56  14:39  Zergling x40  
  56  14:40  Zergling x8  
  75  14:51  Zerg Ground Armor Level 2  
  75  14:52  Zerg Melee Weapons Level 2  
  64  15:11  Baneling x13  
  60  15:14  Drone  
  60  15:15  Drone x8  
  60  15:17  Drone x8  
  74  15:38  Drone  
  74  15:39  Drone x13  
  88  15:48  Queen  
  88  15:49  Drone  
  90  15:50  Drone x2  
  90  15:57  Drone x2  
  90  15:58  Drone  
  90  16:01  Drone  
  90  16:03  Drone x2  
  96  16:07  Drone x2  
  98  16:20  Zergling x16  
  98  16:24  Overlord  
  106  16:28  Drone  
  106  16:29  Drone x4  
  106  16:30  Drone  
  106  16:32  Drone  
  113  16:34  Drone  
  113  16:35  Drone  
  113  16:37  Drone  
  113  16:39  Drone x2, Extractor  
  117  16:44  Overlord  
  117  16:51  Zergling x22  
  110  17:02  Zergling x22  
  91  17:25  Drone x3  
  91  17:26  Drone x8  
  88  17:30  Overseer  
  88  17:35  Drone  
  88  17:36  Drone x3  
  76  17:46  Hydralisk Den  
  75  17:57  Queen  
  76  18:02  Roach x3  
  76  18:03  Roach x7  
  77  18:15  Zergling x10  
  77  18:17  Baneling x3  
  82  18:24  Drone  
  82  18:25  Drone x2  
  85  18:37  Zergling x2  
  85  18:38  Zergling x8  
  90  18:47  Drone x5  
  93  19:00  Overseer  
  93  19:02  Pneumatized Carapace  
  93  19:08  Drone  
  93  19:09  Drone  
  97  19:13  Zergling x8  
  97  19:16  Baneling x4  
  101  19:22  Zergling x6  
  100  19:40  Roach x7  
  114  19:50  Queen  
  97  20:20  Overlord  
  97  20:21  Queen  
Show
View Real Time Build Order
Export as new Build Order

TheMindsEye Terran - Winner!

Build Orders:  

Get SALT Encoding   

  12  0:08  SCV  
  13  0:20  SCV  
  14  0:25  Supply Depot  
  14  0:32  SCV  
  15  0:36  Refinery  
  16  0:51  Barracks  
  15  0:59  Barracks  
  15  1:06  SCV  
  16  1:18  SCV  
  17  1:30  SCV  
  18  1:42  SCV  
  19  1:47  Reaper  
  19  1:50  Reaper  
  19  1:54  Supply Depot  
  21  1:56  Orbital Command  
  21  2:19  Reaper  
  22  2:23  Reaper  
  22  2:25  SCV  
  24  2:43  Command Center  
  24  3:34  Command Center  
  24  3:35  Factory  
  24  3:38  Factory  
  24  3:39  Refinery  
  24  3:49  Engineering Bay  
  24  3:55  SCV  
  25  4:07  SCV  
  26  4:21  SCV  
  26  4:22  Planetary Fortress  
  27  4:33  SCV  
  24  4:57  Hellion  
  24  4:58  Hellion  
  28  5:09  Marine  
  28  5:11  Bunker  
  28  5:13  Supply Depot  
  30  5:14  Supply Depot  
  30  5:17  Planetary Fortress  
  30  5:19  Hellion x2  
  33  5:24  SCV  
  34  5:37  SCV  
  34  5:40  Hellion x2  
  39  5:49  Supply Depot, SCV  
  40  5:53  Marine  
  40  5:55  Supply Depot  
  41  6:01  SCV  
  41  6:03  Missile Turret  
  42  6:05  Missile Turret  
  42  6:07  SCV  
  42  6:11  Factory Tech Lab x2, Marine  
  43  6:16  SCV  
  45  6:19  SCV  
  45  6:22  SCV  
  47  6:28  SCV  
  47  6:30  Supply Depot, Marine  
  47  6:31  SCV  
  50  6:34  SCV  
  51  6:45  Armory  
  39  7:10  Cyclone x2  
  39  7:11  SCV x2  
  39  7:14  SCV  
  48  7:23  SCV x2  
  48  7:26  SCV  
  51  7:30  Supply Depot  
  51  7:35  SCV x2, Refinery  
  51  7:36  Refinery  
  53  7:38  SCV  
  53  7:40  Missile Turret  
  53  7:42  Cyclone  
  53  7:43  Refinery  
  57  7:45  Refinery  
  57  7:46  Terran Vehicle Weapons Level 1  
  57  7:47  SCV  
  57  7:48  SCV  
  57  7:50  SCV  
  60  7:59  SCV  
  60  8:00  SCV  
  60  8:01  Hellion  
  60  8:02  SCV  
  65  8:10  Factory  
  65  8:12  SCV x2  
  67  8:15  SCV  
  68  8:24  SCV x2  
  68  8:27  SCV  
  71  8:31  Cyclone x2  
  77  8:35  Command Center  
  77  8:39  SCV  
  77  8:40  Missile Turret  
  78  8:45  Sensor Tower  
  78  8:49  SCV  
  78  8:51  SCV  
  80  9:02  Command Center  
  80  9:03  SCV  
  80  9:04  Cyclone  
  80  9:05  Cyclone  
  87  9:13  Supply Depot  
  87  9:14  Armory  
  87  9:15  SCV  
  88  9:24  Factory Tech Lab  
  88  9:25  Ghost Academy  
  88  9:27  SCV  
  88  9:28  Ghost Academy  
  89  9:34  Barracks Tech Lab  
  89  9:37  Supply Depot  
  89  9:41  Missile Turret  
  89  9:48  SCV  
  89  9:49  Ghost Academy  
  90  9:56  Cyclone x3  
  99  10:00  SCV  
  100  10:11  Ghost  
  102  10:28  Cyclone  
  105  10:36  Starport  
  105  10:38  Planetary Fortress  
  105  10:40  Ghost  
  107  10:43  SCV  
  107  10:44  Planetary Fortress  
  108  10:51  Personal Cloaking  
  108  10:53  Nuke x2, Missile Turret x2  
  108  10:55  SCV  
  109  11:08  Refinery  
  109  11:09  Ghost, Refinery  
  111  11:12  SCV  
  111  11:13  Missile Turret  
  111  11:16  Starport Tech Lab  
  111  11:18  Terran Vehicle Weapons Level 2, Terran Vehicle And Ship Armor Level 1  
  112  11:19  Supply Depot  
  112  11:46  Siege Tank  
  112  11:47  Siege Tank x2  
  121  11:50  Raven  
  123  12:02  SCV  
  124  12:10  Factory  
  124  12:11  Factory  
  124  12:12  SCV  
  125  12:17  Nuke  
  125  12:18  Siege Tank  
  128  12:24  Raven  
  130  12:46  Siege Tank x2  
  130  13:13  Missile Turret  
  130  13:14  SCV  
  130  13:15  SCV  
  130  13:16  SCV  
  133  13:26  SCV  
  134  13:27  SCV  
  135  13:39  SCV  
  136  13:51  SCV  
  137  14:03  SCV  
  138  14:11  Nuke x2  
  138  14:12  Nuke  
  138  14:15  Hellion x2  
  142  14:19  Thor  
  133  14:36  Thor x2  
  123  14:59  Factory Tech Lab x2  
  123  15:02  Thor  
  123  15:03  Terran Vehicle And Ship Armor Level 2, Terran Vehicle Weapons Level 3  
  123  15:06  Factory  
  129  15:07  Factory  
  129  15:09  Ghost  
  131  15:17  Refinery  
  131  15:18  Thor, Refinery  
  131  15:19  Thor  
  131  15:20  Command Center  
  139  15:38  Ghost  
  139  15:41  Starport, Fusion Core  
  141  15:44  Hellion  
  141  15:45  Hellion, Starport  
  141  15:46  Hellion  
  147  15:59  Command Center  
  147  16:04  SCV  
  148  16:12  Ghost  
  148  16:13  Hellion x2, SCV x2  
  148  16:16  Supply Depot, SCV  
  148  16:17  Hellion x2  
  161  16:20  Supply Depot x2  
  161  16:25  SCV x2  
  163  16:29  SCV  
  163  16:31  Thor  
  170  16:37  SCV  
  171  16:41  Ghost, SCV  
  174  16:49  SCV  
  174  16:53  SCV  
  171  17:01  SCV  
  169  17:11  Nuke x2  
  169  17:12  Hellion  
  169  17:13  Hellion x2, SCV  
  176  17:25  SCV  
  177  17:34  Thor x3  
  195  17:37  SCV  
  196  17:50  Nuke  
  184  18:06  Hellion  
  184  18:07  Hellion  
  186  18:17  Thor x2, Command Center  
  198  18:28  Raven  
  198  18:30  Starport Tech Lab x2  
  198  18:34  Weapon Refit  
  200  18:40  Factory Tech Lab x2  
  200  18:46  Supply Depot  
  200  18:47  Supply Depot  
  200  18:49  Supply Depot  
  200  18:50  Supply Depot  
  200  18:52  Supply Depot  
  200  18:54  Supply Depot x2  
  200  19:06  Terran Vehicle And Ship Armor Level 3  
  198  19:41  Nuke  
  198  19:56  Nuke  
  198  19:57  Ghost  
  200  20:00  Planetary Fortress  
  198  20:25  Nuke  
  198  20:26  Planetary Fortress  
  186  21:09  Ghost  
  188  21:31  Nuke  
  188  21:32  Nuke x2  
  188  21:37  Command Center  
  188  21:38  Ghost  
  188  21:49  Thor x2  
Tags
 
Composition
Lurkers
Matchup
TvZ
Spawn Locations
Cross Positions
Add a new tag
Caveats
  • Supply blocks, unpowered buildings, or Contaminate may cause inaccurate times.
  • Supply counts are checked every 10 seconds.